TOP OF THE 1ST |
Bemidji Benders batting - Pitching for Erie Jaxx : RHP Steve Bigham
|
Pitching: RHP Steve Bigham
|
|
Batting: SHB José Velásquez
|
0-0: Called Strike 0-1: Ball 1-1: Called Strike 1-2: Ball 2-2: Ball 3-2: TRIPLE (Line Drive, 78D)
|
Batting: SHB Conan Hanson
|
0-0: Ball 1-0: Ball 2-0: Ground out 6-3 (Groundball, 6) José Velásquez scores
|
Batting: RHB Joe Zapata
|
0-0: Ball 1-0: Called Strike 1-1: Swinging Strike 1-2: Foul Ball, location: 2F 1-2: Foul Ball, location: 2F 1-2: Ball 2-2: Strikes out swinging
|
Batting: LHB Caleb Hall
|
0-0: Ball 1-0: Ball 2-0: Called Strike 2-1: Ball 3-1: Base on Balls
|
Batting: RHB Pedro López
|
0-0: Ball 1-0: Foul Ball, location: 2F 1-1: Ball 2-1: Ground out 6-3 (Groundball, 56)
|
Top of the 1st over - 1 run(s), 1 hit(s), 0 error(s), 1 left on base; Bemidji 1 - Erie 0 |
BOTTOM OF THE 1ST |
Erie Jaxx batting - Pitching for Bemidji Benders : RHP Ambrose Palmer
|
Pitching: RHP Ambrose Palmer
|
|
Batting: RHB Júlio Hernández
|
0-0: Ball 1-0: Ball 2-0: Ball 3-0: Called Strike 3-1: Called Strike 3-2: Foul Ball, location: 2F 3-2: Foul Ball, location: 2F 3-2: Strikes out swinging
|
Batting: SHB José Durango
|
0-0: Ball 1-0: Called Strike 1-1: Ball 2-1: Ball 3-1: Called Strike 3-2: Foul Ball, location: 2F 3-2: Base on Balls
|
Batting: LHB Josh Pérez
|
0-0: Ball 1-0: Ball 2-0: Swinging Strike 2-1: Ball 3-1: SINGLE (Groundball, 4D) José Durango to second
|
Batting: SHB Michael Field
|
0-0: Called Strike 0-1: Swinging Strike 0-2: Foul Ball, location: 2F 0-2: Foul Ball, location: 2F 0-2: Ball 1-2: TRIPLE (Flyball, 89XD) José Durango scores Josh Pérez scores
|
Batting: LHB Jim Knight
|
0-0: Called Strike 0-1: Fly out, F7 (Flyball, 78M) Runner from 3rd tags up, SCORES, throw made
|
Batting: RHB Andrés Silva
|
0-0: Ball 1-0: Foul Ball, location: 2F 1-1: Swinging Strike 1-2: Strikes out looking
|
Bottom of the 1st over - 3 run(s), 2 hit(s), 0 error(s), 0 left on base; Bemidji 1 - Erie 3 |
TOP OF THE 2ND |
Bemidji Benders batting - Pitching for Erie Jaxx : RHP Steve Bigham
|
Batting: RHB Holden Davis
|
0-0: Called Strike 0-1: Ball 1-1: Ball 2-1: Foul Ball, location: 2F 2-2: Foul Ball, location: 2F 2-2: Fly out, F9 (Flyball, 89S)
|
Batting: LHB Pat Carroll
|
0-0: Ball 1-0: Ball 2-0: Foul Ball, location: 2F 2-1: Ball 3-1: Base on Balls
|
Batting: RHB Gilbert Forbes
|
0-0: SINGLE (Groundball, 34D) Pat Carroll to second Runner from 2nd tries for 3rd, SAFE, throw made to third
|
Batting: RHB Leon Heath
|
0-0: Called Strike Gilbert Forbes steals 2nd base 0-1: Fly out, F7 (Flyball, 7) Runner from 3rd tags up, SCORES, no throw
|
Batting: SHB José Velásquez
|
0-0: Ball 1-0: Ball 2-0: Ball 3-0: Base on Balls
|
Batting: SHB Conan Hanson
|
0-0: Called Strike 0-1: Foul Ball, location: 2F 0-2: Fielders Choice at 2nd, 4-6 (Groundball, 4)
|
Top of the 2nd over - 1 run(s), 1 hit(s), 0 error(s), 1 left on base; Bemidji 2 - Erie 3 |
BOTTOM OF THE 2ND |
Erie Jaxx batting - Pitching for Bemidji Benders : RHP Ambrose Palmer
|
Batting: RHB Ángel Serrano
|
0-0: Ball 1-0: Ball 2-0: Ball 3-0: Base on Balls
|
Batting: RHB Alfredo Ramírez
|
0-0: Called Strike 0-1: Ball 1-1: Ball 2-1: Swinging Strike 2-2: Strikes out swinging
|
Batting: RHB Ed Keesee
|
0-0: Called Strike 0-1: Ground out 5-3 (Groundball, 5S) Ángel Serrano to second
|
Batting: RHB Júlio Hernández
|
0-0: Foul Ball, location: 2F 0-1: Foul Ball, location: 2F 0-2: Ball 1-2: Foul Ball, location: 2F 1-2: Ground out 5-3 (Groundball, 5S)
|
Bottom of the 2nd over - 0 run(s), 0 hit(s), 0 error(s), 1 left on base; Bemidji 2 - Erie 3 |
TOP OF THE 3RD |
Bemidji Benders batting - Pitching for Erie Jaxx : RHP Steve Bigham
|
Batting: RHB Joe Zapata
|
0-0: Ball 1-0: Ball 2-0: Ball 3-0: Base on Balls
|
Batting: LHB Caleb Hall
|
0-0: Called Strike 0-1: Foul Ball, location: 2F 0-2: Ball 1-2: Ball 2-2: Ball 3-2: Foul Ball, location: 2F 3-2: Foul Ball, location: 2F 3-2: Strikes out swinging
|
Batting: RHB Pedro López
|
0-0: Called Strike 0-1: Foul Ball, location: 2F 0-2: Foul Ball, location: 2F 0-2: Ball 1-2: Foul Ball, location: 2F 1-2: Strikes out looking
|
Batting: RHB Holden Davis
|
0-0: Ball 1-0: Fly out, F9 (Flyball, 89M)
|
Top of the 3rd over - 0 run(s), 0 hit(s), 0 error(s), 1 left on base; Bemidji 2 - Erie 3 |
BOTTOM OF THE 3RD |
Erie Jaxx batting - Pitching for Bemidji Benders : RHP Ambrose Palmer
|
Batting: SHB José Durango
|
0-0: Called Strike 0-1: Ground out 6-3 (Groundball, 56D)
|
Batting: LHB Josh Pérez
|
0-0: Ball 1-0: Called Strike 1-1: Ball 2-1: Swinging Strike 2-2: Foul Ball, location: 2F 2-2: Strikes out swinging
|
Batting: SHB Michael Field
|
0-0: Ground out 4-3 (Groundball, 4)
|
Bottom of the 3rd over - 0 run(s), 0 hit(s), 0 error(s), 0 left on base; Bemidji 2 - Erie 3 |
TOP OF THE 4TH |
Bemidji Benders batting - Pitching for Erie Jaxx : RHP Steve Bigham
|
Batting: LHB Pat Carroll
|
0-0: Hit by Pitch
|
Batting: RHB Gilbert Forbes
|
0-0: Ball 1-0: Fly out, F9 (Flyball, 9S)
|
Batting: RHB Leon Heath
|
0-0: Called Strike 0-1: Fly out, F8 (Flyball, 89S)
|
Batting: SHB José Velásquez
|
0-0: Ball 1-0: Foul Ball, location: 2F 1-1: SINGLE (Groundball, 34D) Pat Carroll to second Throwing error, E9 Pat Carroll scores José Velásquez to second
|
Batting: SHB Conan Hanson
|
0-0: Ball 1-0: Called Strike 1-1: Foul Ball, location: 2F 1-2: Ground out 4-3 (Groundball, 34D)
|
Top of the 4th over - 1 run(s), 1 hit(s), 1 error(s), 1 left on base; Bemidji 3 - Erie 3 |
BOTTOM OF THE 4TH |
Erie Jaxx batting - Pitching for Bemidji Benders : RHP Ambrose Palmer
|
Batting: LHB Jim Knight
|
0-0: Ball 1-0: Foul Ball, location: 2F 1-1: Foul Ball, location: 2F 1-2: Ball 2-2: Strikes out swinging
|
Batting: RHB Andrés Silva
|
0-0: Ball 1-0: Called Strike 1-1: Hit by Pitch
|
Batting: RHB Ángel Serrano
|
0-0: Ball 1-0: Ball 2-0: Ball 3-0: Base on Balls Andrés Silva to second
|
Batting: RHB Alfredo Ramírez
|
0-0: Ball 1-0: Ball 2-0: Ball 3-0: Base on Balls Andrés Silva to third Ángel Serrano to second
|
Batting: RHB Ed Keesee
|
0-0: Fly out, F7 (Line Drive, 7) Runner from 3rd tags up, SCORES, throw made
|
Batting: RHB Júlio Hernández
|
0-0: SINGLE (Groundball, 6MD) Ángel Serrano to third Alfredo Ramírez to second Runner from 3rd tries for Home, throw and OUT!
|
Bottom of the 4th over - 1 run(s), 1 hit(s), 0 error(s), 2 left on base; Bemidji 3 - Erie 4 |
TOP OF THE 5TH |
Bemidji Benders batting - Pitching for Erie Jaxx : RHP Steve Bigham
|
Batting: RHB Joe Zapata
|
0-0: Called Strike 0-1: Ball 1-1: Swinging Strike 1-2: Foul Ball, location: 2F 1-2: Strikes out swinging
|
Batting: LHB Caleb Hall
|
0-0: Called Strike 0-1: Fly out, F8 (Flyball, 8LM)
|
Batting: RHB Pedro López
|
0-0: Ball 1-0: Swinging Strike 1-1: Ball 2-1: Ball 3-1: Base on Balls
|
Pitching: LHP Jesús Acosta
|
|
Batting: RHB Holden Davis
|
0-0: Called Strike 0-1: Fly out, F8 (Line Drive, 8LM)
|
Top of the 5th over - 0 run(s), 0 hit(s), 0 error(s), 1 left on base; Bemidji 3 - Erie 4 |
BOTTOM OF THE 5TH |
Erie Jaxx batting - Pitching for Bemidji Benders : RHP Ambrose Palmer
|
Batting: SHB José Durango
|
0-0: Ball 1-0: Foul Ball, location: 2F 1-1: Ball 2-1: Reached on error, E4 (Groundball, 4)
|
Batting: LHB Josh Pérez
|
0-0: Fly out, F9 (Line Drive, 9S)
|
Batting: SHB Michael Field
|
0-0: Called Strike 0-1: Called Strike 0-2: Strikes out swinging
|
Batting: LHB Jim Knight
|
0-0: Ball 1-0: Ball 2-0: Called Strike 2-1: Ball 3-1: Base on Balls José Durango to second
|
Pitching: RHP Colin Younger
|
|
Batting: RHB Andrés Silva
|
0-0: Called Strike 0-1: SINGLE (Line Drive, 7S) José Durango to third Jim Knight to second Runner from 3rd tries for Home, SAFE, throw made home
|
Batting: RHB Ángel Serrano
|
0-0: Ball 1-0: Swinging Strike 1-1: Ball 2-1: Called Strike 2-2: Strikes out swinging
|
Bottom of the 5th over - 1 run(s), 1 hit(s), 1 error(s), 2 left on base; Bemidji 3 - Erie 5 |
TOP OF THE 6TH |
Bemidji Benders batting - Pitching for Erie Jaxx : LHP Jesús Acosta
|
Batting: LHB Pat Carroll
|
0-0: Foul Ball, location: 2F 0-1: Ball 1-1: Swinging Strike 1-2: Foul Ball, location: 2F 1-2: Ball 2-2: Ball 3-2: Strikes out swinging
|
Batting: RHB Gilbert Forbes
|
0-0: Ball 1-0: SINGLE (Flyball, 9S)
|
Batting: RHB Leon Heath
|
0-0: Called Strike Gilbert Forbes steals 2nd base 0-1: Ground out 6-3 (Groundball, 6M) Gilbert Forbes to third
|
Batting: SHB José Velásquez
|
0-0: Called Strike 0-1: Called Strike 0-2: Strikes out swinging
|
Top of the 6th over - 0 run(s), 1 hit(s), 0 error(s), 1 left on base; Bemidji 3 - Erie 5 |
BOTTOM OF THE 6TH |
Erie Jaxx batting - Pitching for Bemidji Benders : RHP Colin Younger
|
Batting: RHB Alfredo Ramírez
|
0-0: Called Strike 0-1: Ball 1-1: Foul Ball, location: 2F 1-2: Fly out, F9 (Flyball, 9LS)
|
Batting: RHB Ed Keesee
|
0-0: Called Strike 0-1: Foul Ball, location: 2F 0-2: Foul Ball, location: 2F 0-2: Strikes out swinging
|
Batting: RHB Júlio Hernández
|
0-0: Ground out 5-3 (Groundball, 56)
|
Bottom of the 6th over - 0 run(s), 0 hit(s), 0 error(s), 0 left on base; Bemidji 3 - Erie 5 |
TOP OF THE 7TH |
Bemidji Benders batting - Pitching for Erie Jaxx : LHP Jesús Acosta
|
Batting: SHB Conan Hanson
|
0-0: Called Strike 0-1: Ball 1-1: Foul Ball, location: 2F 1-2: Foul Ball, location: 2F 1-2: Ball 2-2: SINGLE (Groundball, 56D)
|
Batting: RHB Joe Zapata
|
0-0: Called Strike 0-1: Ball 1-1: Ball 2-1: Ball 3-1: Base on Balls Conan Hanson to second
|
Batting: LHB Caleb Hall
|
0-0: Ball 1-0: Foul Ball, location: 2F 1-1: Swinging Strike 1-2: Ball 2-2: Strikes out looking
|
Pinch Hitting: RHB Greg Carpenter
|
0-0: Ball 1-0: Ball 2-0: Called Strike 2-1: Foul Ball, location: 2F 2-2: Strikes out swinging
|
Batting: RHB Holden Davis
|
0-0: Called Strike 0-1: Fly out, F7 (Flyball, 78M)
|
Top of the 7th over - 0 run(s), 1 hit(s), 0 error(s), 2 left on base; Bemidji 3 - Erie 5 |
BOTTOM OF THE 7TH |
Erie Jaxx batting - Pitching for Bemidji Benders : RHP Colin Younger
|
Now in RF: Greg Carpenter
|
|
Batting: SHB José Durango
|
0-0: Ground out 3-1 (Groundball, 34)
|
Batting: LHB Josh Pérez
|
0-0: Swinging Strike 0-1: Ball 1-1: Foul Ball, location: 2F 1-2: Ball 2-2: Ball 3-2: Foul Ball, location: 2F 3-2: Base on Balls
|
Batting: SHB Michael Field
|
0-0: Called Strike 0-1: Ball 1-1: Swinging Strike 1-2: Foul Ball, location: 2F 1-2: Fly out, F8 (Flyball, 8RM)
|
Batting: LHB Jim Knight
|
0-0: Called Strike Josh Pérez is caught stealing 2nd base
|
Bottom of the 7th over - 0 run(s), 0 hit(s), 0 error(s), 0 left on base; Bemidji 3 - Erie 5 |
TOP OF THE 8TH |
Bemidji Benders batting - Pitching for Erie Jaxx : LHP Jesús Acosta
|
Batting: LHB Pat Carroll
|
0-0: Called Strike 0-1: Ground out 4-3 (Groundball, 34)
|
Batting: RHB Gilbert Forbes
|
0-0: Ball 1-0: Swinging Strike 1-1: Ball 2-1: Ball 3-1: SINGLE (Groundball, 56S) (infield hit)
|
Pitching: RHP Ernest Elliott
|
|
Batting: RHB Leon Heath
|
0-0: Ball 1-0: Swinging Strike 1-1: Ball 2-1: Ball 3-1: Base on Balls Gilbert Forbes to second
|
Batting: SHB José Velásquez
|
0-0: Called Strike 0-1: Ball 1-1: Ball 2-1: Foul Ball, location: 2F 2-2: DOUBLE (Groundball, 5L) Gilbert Forbes scores Leon Heath to third Runner from 3rd tries for Home, SAFE, no throw
|
Batting: SHB Conan Hanson
|
0-0: Intentional Walk
|
Pinch Hitting: LHB Ramón Juárez
|
0-0: Foul Ball, location: 2F 0-1: Swinging Strike 0-2: Ball 1-2: Ball 2-2: Strikes out swinging
|
Pitching: LHP Alfredo García
|
|
Batting: LHB Caleb Hall
|
0-0: Ball 1-0: Called Strike 1-1: Swinging Strike 1-2: Foul Ball, location: 2F 1-2: Strikes out swinging
|
Top of the 8th over - 2 run(s), 2 hit(s), 0 error(s), 2 left on base; Bemidji 5 - Erie 5 |
BOTTOM OF THE 8TH |
Erie Jaxx batting - Pitching for Bemidji Benders : RHP Colin Younger
|
Now in LF: Ramón Juárez
|
|
Batting: LHB Jim Knight
|
0-0: DOUBLE (Groundball, 3L)
|
Batting: RHB Andrés Silva
|
0-0: Sac Bunt - play at third, runner OUT! 1-5
|
Batting: RHB Ángel Serrano
|
0-0: Called Strike 0-1: Ball 1-1: Ball 2-1: 2-RUN HOME RUN (Flyball, 7D), Distance : 340 ft
|
Pitching: LHP Pedro González
|
|
Batting: RHB Alfredo Ramírez
|
0-0: Foul Ball, location: 2F 0-1: Called Strike 0-2: Ball 1-2: Ball 2-2: Foul Ball, location: 2F 2-2: Strikes out swinging
|
Batting: RHB Ed Keesee
|
0-0: Ball 1-0: Ball 2-0: Ball 3-0: Base on Balls
|
Batting: RHB Júlio Hernández
|
0-0: Called Strike 0-1: Ball 1-1: Fly out, F6 (Popup, 6D)
|
Bottom of the 8th over - 2 run(s), 2 hit(s), 0 error(s), 1 left on base; Bemidji 5 - Erie 7 |
TOP OF THE 9TH |
Bemidji Benders batting - Pitching for Erie Jaxx : LHP Alfredo García
|
Pitching: RHP Carlos Olmedo
|
|
Batting: RHB Greg Carpenter
|
0-0: Ball 1-0: Called Strike 1-1: Ball 2-1: Swinging Strike 2-2: Ball 3-2: Foul Ball, location: 2F 3-2: Fly out, F8 (Flyball, 8RM)
|
Batting: RHB Holden Davis
|
0-0: Swinging Strike 0-1: Foul Ball, location: 2F 0-2: Foul Ball, location: 2F 0-2: Foul Ball, location: 2F 0-2: Fly out, F3 (Popup, 3S)
|
Batting: LHB Pat Carroll
|
0-0: Ball 1-0: Ball 2-0: Swinging Strike 2-1: Ground out 4-3 (Groundball, 4)
|
Top of the 9th over - 0 run(s), 0 hit(s), 0 error(s), 0 left on base; Bemidji 5 - Erie 7 |
|